 Dungeon Crawl Stone Soup version 0.27.0-1-g7a089689b8 (webtiles) character file.

Game seed: 9819961668216461167

2 mainiacjoe the Sneak (level 1, -2/21 HPs)
             Began as a Naga Delver on Aug 13, 2021.
             Slain by an orc (7 damage)
             ... on level 5 of the Dungeon.
             The game lasted 00:01:19 (107 turns).

mainiacjoe the Sneak (Naga Delver)                   Turns: 107, Time: 00:01:20

Health: -2/21      AC:  1    Str: 20    XL:     1   Next: 30%
Magic:  1/1        EV:  9    Int: 10    God:
Gold:   0          SH:  0    Dex: 12    Spells: 0/0 levels left

rFire    . . .     SeeInvis +   a - +0 hand axe
rCold    . . .     Faith    .   (no shield)
rNeg     . . .     Spirit   .   b - +0 leather armour
rPois    +         Reflect  .   (no helmet)
rElec    .         Harm     .   (no cloak)
rCorr    .         Rampage  .   (no gloves)
Will     .....                  (no barding)
Stlth    +++.......             (no amulet)
HPRegen  0.07/turn              k - +6 ring of strength
MPRegen  0.07/turn              (no ring)

@: short of breath, very slow
A: AC +0, large, see invisible, deformed body, poison resistance, slowness 2,
spit poison 1, naga tail 1
a: Spit Poison


You were on level 5 of the Dungeon.
You visited 1 branch of the dungeon, and saw 1 of its levels.

Inventory:

Hand Weapons
 a - a +0 hand axe (weapon)
Missiles
 h - 24 poisoned darts
 i - 13 stones
Armour
 b - a +0 leather armour (worn)
Jewellery
 k - a +6 ring of strength (left hand)
Wands
 g - a wand of digging (3)
 l - a wand of polymorph (9)
Scrolls
 c - a scroll of fog
 d - a scroll of magic mapping
 e - a scroll of fear
Potions
 f - a potion of haste
 j - a potion of resistance {unknown}


   Skills:
 - Level 3.0 Fighting
 - Level 2.0 Axes
 - Level 1.5 Dodging
 + Level 7.4 Stealth


You couldn't memorise any spells.
You didn't know any spells.
Your spell library was empty.

Dungeon Overview and Level Annotations

Branches:
Dungeon (5/15)
 Temple: D:4-7

Altars:


Innate Abilities, Weirdness & Mutations

Your serpentine skin is tough. (AC +0)
You have supernaturally acute eyesight. (SInv)
Armour fits poorly on your strangely shaped body.
Your system is resistant to poisons. (rPois)
You cover ground very slowly.
You can spit poison.
You have a snake-like lower body.


Message History

The orc is poisoned.
Unknown command.
Unknown command.
Okay, then.
You have got your breath back.
You hit the orc but do no damage.
The orc is heavily wounded.
The orc looks more healthy.
The orc closely misses you.
Press: ? - help, Shift-Dir - straight line, p - orc priest The splash of poison hits the orc but does no damage.
The orc is poisoned.
The orc is heavily wounded.
The orc hits you with a +0 hand axe.
Unknown command.
You barely miss the orc.
The orc is heavily wounded.
The orc hits you with a +0 hand axe.
You slash the orc!
You kill the orc!
You hit the orc.
The orc is moderately wounded.
The orc hits you with a +0 hand axe.
The orc priest begins to cast a cantrip, but forgets the words!
You hit the orc.
The orc is moderately wounded.
The orc hits you with a +0 hand axe. x2
* * * LOW HITPOINT WARNING * * *
You hit the orc but do no damage.
The orc is moderately wounded.
You have got your breath back.
The orc priest calls upon Beogh to heal the orc.
The orc's wounds heal themselves!
The orc hits you with a +0 hand axe.
* * * LOW HITPOINT WARNING * * *
Press: ? - help, Shift-Dir - straight line, f - orc
Aim: an orc, wielding a +0 falchion The splash of poison hits the orc.
The orc is poisoned.
The orc is lightly wounded.
The orc priest calls upon Beogh to heal the orc.
The orc's wounds heal themselves!
The orc hits you with a +0 hand axe!
You die...

#........#...#..######.####
##########...#.>..........#
#...##.####.#.####
######.####...########
#.................
#.################ #.# #.#
#@# #o# #o# #o#
.oooo..........
#######.######. #.# #.. #.#


You could see an orc priest and 2 orcs.

Vanquished Creatures
  An orc (D:5)
1 creature vanquished.

Notes
Turn   | Place    | Note
-------+----------+-------------------------------------------
     0 | D:5      | mainiacjoe the Naga Delver began the quest for the Orb.
     0 | D:5      | Reached XP level 1. HP: 21/21 MP: 1/1
    95 | D:5      | Noticed an orc priest
   107 | D:5      | Slain by an orc

Illustrated notes

Levels and vault maps discovered:
D:5:      layout_basic, kennysheep_mini, nicolae_gozag_seed_capital,
          mainiacjoe_overflow_small_starburst

Action                   || total
-------------------------++-------
Melee: Hand axe          ||     6
 Abil: Spit Poison       ||     3
Dodge: Dodged            ||     1
